 Dungeon Crawl Stone Soup version 0.29.1-13-g9f3cf754e1 (webtiles) character file.

Game seed: 2343846180924212265

51 KittyFluff the Trooper (level 3, 0/36 HPs)
             Began as a Gargoyle Berserker on Feb 5, 2023.
             Was a Believer of Trog.
             Killed from afar by Sigmund (1 damage)
             ... with a puff of flame
             ... on level 2 of the Dungeon.
             The game lasted 00:05:16 (1565 turns).

KittyFluff the Trooper (Gargoyle Berserker)         Turns: 1565, Time: 00:05:16

Health: 0/36       AC:  7    Str: 20    XL:     3   Next: 81%
Magic:  3/3        EV: 11    Int:  7    God:    Trog [**....]
Gold:   146        SH:  0    Dex: 11    Spells: 2/2 levels left

rFire   . . .      SeeInvis .   a - +0 mace
rCold   . . .      Faith    .   (no shield)
rNeg    + . .      Spirit   .   i - +0 leather armour
rPois   ∞          Reflect  .   (no helmet)
rElec   +          Harm     .   (no cloak)
rCorr   .          Rampage  .   (no gloves)
Will    .....                   e - +0 pair of boots
Stlth   ..........              (no amulet)
HPRegen 0.12/turn               (no ring)
MPRegen 0.08/turn               (no ring)

@: berserking, very quick
A: sickness immunity, AC +3, negative energy resistance 1, electricity
resistance, torment resistance 1, petrification resistance
a: Renounce Religion, Berserk, Trog's Hand


You were on level 2 of the Dungeon.
You worshipped Trog.
Trog was pleased with you.
You visited 1 branch of the dungeon, and saw 2 of its levels.

You collected 146 gold pieces.

Inventory:

Hand Weapons
 a - a +0 mace (weapon)
 l - a +0 flail
Missiles
 c - 8 stones (quivered)
Armour
 d - a +0 scale mail
 e - a +0 pair of boots (worn)
 i - a +0 leather armour (worn)
Scrolls
 f - a scroll of noise {unknown}
 g - a scroll of teleportation {unknown}
 j - a scroll of immolation {unknown}
Potions
 b - 2 potions of lignification {unknown}
 h - a potion of mutation {unknown}
 k - a potion of brilliance {unknown}


   Skills:
 + Level 3.9 Fighting
 + Level 3.6 Maces & Flails
 * Level 2.5 Armour
 + Level 1.9 Dodging
 + Level 0.5 Stealth


You had 2 spell levels left.
You didn't know any spells.
Your spell library was empty.

Dungeon Overview and Level Annotations

Branches:
Dungeon (2/15)

Altars:

Annotations:
D:2 Sigmund


Innate Abilities, Weirdness & Mutations

You are immune to sickness and miasma.
Your stone body is resilient. (AC +3)
You are immune to poison.
You resist negative energy. (rN+)
You are resistant to electric shocks. (rElec)
You are resistant to unholy torment.
You are immune to petrification.


Message History

You hit the goblin.
You kill the goblin!
Trog accepts your kill.
A hobgoblin comes into view.
The hobgoblin shouts!
You hear a shout!
Sigmund the Dreaded comes into view.
He is wielding a +1 scythe of protection.
You see here a +0 club.
Found a blackened onyx ring.
The hobgoblin hits you.
You hit the hobgoblin.
You kill the hobgoblin!
Trog accepts your kill.
Sigmund smiles chillingly.
Sigmund hits you with a +1 scythe of protection.
You barely miss Sigmund.
A kobold comes into view. It is wielding a +0 short sword.
An endoplasm comes into view.
The endoplasm quivers.
You hit Sigmund.
Sigmund is lightly wounded.
Sigmund hits you but does no damage.
You closely miss Sigmund.
Sigmund is lightly wounded.
Sigmund hits you with a +1 scythe of protection!
* * * LOW HITPOINT WARNING * * *
You hit Sigmund.
Sigmund is lightly wounded.
Sigmund closely misses you.
A red film seems to cover your vision as you go berserk!
You feel yourself moving faster!
You feel mighty!
Sigmund gestures wildly while chanting.
Sigmund flickers and vanishes!
Deactivating autopickup; reactivate with Ctrl-A.
You hit something. Something hits you!
* * * LOW HITPOINT WARNING * * *
You barely miss something. You barely miss something.
The kobold closely misses you.
You hear some strange, mumbled words.
A puff of flame appears from out of thin air!
The puff of flame hits you.
You die...

##.##.##
#...#########.......
#.........<.......##
#..########...†...# ###
#.. #.........
#...#..########.......##
.=.....#..........<...#
......K#)########.......
.....J{@..........######
.###..##.########.# ##
#.# #.. ..# # ###


You could see an endoplasm and a kobold.

Vanquished Creatures
  A gnoll (D:1)
  A worm (D:2)
  An endoplasm (D:1)
  2 giant cockroaches (D:1)
  5 goblins
  7 hobgoblins
  3 jackals (D:1)
  2 quokkas (D:1)
  2 ball pythons
  7 bats (D:1)
  2 frilled lizards (D:1)
  A rat (D:1)
34 creatures vanquished.

Notes
Turn   | Place    | Note
-------+----------+-------------------------------------------
     0 | D:1      | KittyFluff the Gargoyle Berserker began the quest for the
                  | Orb.
     0 | D:1      | Reached XP level 1. HP: 14/14 MP: 1/1
   159 | D:1      | Reached XP level 2. HP: 11/19 MP: 2/2
   720 | D:1      | Reached ** piety under Trog
   721 | D:1      | Reached XP level 3. HP: 22/23 MP: 3/3
  1317 | D:1      | Found a faded altar of an unknown god.
  1554 | D:2      | Noticed Sigmund
  1563 | D:2      | HP: 1/36 [something (11)]
  1565 | D:2      | Killed from afar by Sigmund

Illustrated notes

Levels and vault maps discovered:
D:1:      elethiomel_arrival_fortress_basement, layout_basic,
          chequers_ecumenical_altar_simple, minmay_misc_feat_five
D:2:      layout_loops_ring, uniq_sigmund, uniq_robin

Action                   || total
-------------------------++-------
Melee: Mace              ||   115
       Punch             ||     2
Invok: Berserk           ||     1
Armor: Animal skin       ||    20
       Leather armour    ||    26
Dodge: Dodged            ||    82
